 Dungeon Crawl Stone Soup version 0.18-a0-1347-gb9e2fb4 (webtiles) character file.

64 Duffy the Ruffian (level 3, 36/36 HPs)
             Began as a Troll Fighter on Feb 17, 2016.
             Quit the game on level 2 of the Dungeon.
             The game lasted 00:01:42 (1498 turns).

Duffy the Ruffian (Troll Fighter)                   Turns: 1498, Time: 00:01:42

Health: 36/36      AC:  5    Str: 24    XL:     3   Next: 91%
Magic:  2/2        EV:  8    Int:  4    God:
Gold:   135        SH:  8    Dex: 10    Spells: 0 memorised, 2 levels left

rFire  . . .     SeeInvis .       - Unarmed
rCold  . . .     Gourm    +     a - +0 robe
rNeg   . . .     Faith    .     b - +0 shield
rPois  .         Spirit   .     (helmet restricted)
rElec  .         Dismiss  .     (no cloak)
rCorr  .         Reflect  .     (gloves unavailable)
SustAt .         Harm     .     (boots unavailable)
MR     .....                    (no amulet)
Stlth  +.........               (no ring)
                                (no ring)

@: not resistant to hostile enchantments, very unstealthy
A: unfitting armour, claws 3, fast metabolism 3, gourmand, regeneration 2,
shaggy fur 1, tough skin 2
a: no special abilities


You were on level 2 of the Dungeon.
You were very full.

You visited 1 branch of the dungeon, and saw 2 of its levels.

You collected 135 gold pieces.


Innate Abilities, Weirdness & Mutations

You are too large for most types of armour.
You have claws for hands.
Your metabolism is lightning-fast.
You like to eat raw meat.
You heal very quickly.
You are covered in fur (AC +1).
You have very tough skin (AC +2).


   Skills:
 - Level 2.4 Fighting
 - Level 2.4 Dodging
 - Level 2.4 Shields
 + Level 4.2 Unarmed Combat


You had 2 spell levels left.
You didn't know any spells.

Inventory:

Armour
 a - a +0 robe (worn)
 b - a +0 shield (worn)
Scrolls
 e - 3 scrolls of fog {unknown}
 g - a scroll of immolation {unknown}
 i - 2 scrolls of identify {unknown}
 l - a scroll of recharging {unknown}
 s - a scroll of remove curse {unknown}
 t - a scroll of enchant weapon {unknown}
Potions
 c - a potion of might
 h - a potion of curing {unknown}
 j - a potion of invisibility {unknown}
 k - 2 potions of heal wounds {unknown}
 m - a potion of berserk rage {unknown}
 n - a potion of experience {unknown}
 p - a potion of agility {unknown}
 r - a potion of lignification {unknown}
Comestibles
 d - 3 bread rations
 f - a meat ration
 o - a beef jerky

Dungeon Overview and Level Annotations

Branches:
Dungeon (2/15)

Altars:
Dithmenos
Xom


Message History

No target in view!
No target in view!
A bat is nearby!
You block the bat's attack. The bat hits you but does no damage.
The bat hits you but does no damage. The bat hits you but does no damage.
The bat hits you but does no damage.
Your shield prevents you from hitting the bat.
The bat hits you but does no damage. You block the bat's attack.
The bat barely misses you.
You completely miss the bat. The bat hits you but does no damage.
You block the bat's attack. The bat barely misses you.
You scratch the bat.
You kill the bat!
No target in view!
No target in view!
No target in view!
No target in view!
No target in view!
No target in view!
No target in view!
No target in view!
No target in view!
No target in view!
No target in view!
No target in view!
No target in view!
No target in view!
No target in view!
No target in view!
No target in view!
No target in view!
Are you sure you want to abandon this character and quit the game? (Confirm with "yes".)

....................####.########
..................(..............
...........).......##....########
...................##.#### ###
...................##.# #.#
..............(.(..##.#######.#
.................+###.......#.#
.................## #.......#.#
...##........>..@.# ##.###.%#.#
...###............# #.#......#
...###.....#......####.#.##.#.##
#.........##...................#
#.........##...#########.##.#.##
#..######.##...# #.#.##.#.#
#..............# #.#.##.#.###
#..######.##.#.# #.#.##.#....
#..# #.##.#.#######.#.##.#.##.


There were no monsters in sight!

Action                   || total
-------------------------++-------
Melee: Unarmed           ||   117
 Stab: Sleeping          ||     2
  Eat: Chunk             ||    18

Notes
Turn   | Place    | Note
--------------------------------------------------------------
     0 | D:1      | Duffy the Troll Fighter began the quest for the Orb.
     0 | D:1      | Reached XP level 1. HP: 22/22 MP: 0/0
   143 | D:1      | Reached XP level 2. HP: 26/29 MP: 1/1
   161 | D:1      | Reached skill level 3 in Unarmed Combat
   566 | D:1      | Reached XP level 3. HP: 36/36 MP: 2/2
   756 | D:2      | Found a shadowy altar of Dithmenos.
   804 | D:2      | Found a shimmering altar of Xom.
  1183 | D:2      | Reached skill level 4 in Unarmed Combat
  1498 | D:2      | Quit the game

Vault maps used:
D:1:      roderic_crop_circles_arrival_small
D:2:      tgw_xom, grunt_dithmenos_smoke, first_bread

Vanquished Creatures
  An adder
  An ooze
  A giant gecko
  2 orcs
  6 bats
  A giant cockroach
  6 goblins
  7 hobgoblins
  6 giant newts
  11 kobolds
  4 rats
  A plant
47 creatures vanquished.
